 Dungeon Crawl Stone Soup version 0.27.1-33-g824d729ab1 (webtiles) character file.

Game seed: 14077366620968438951

63 croobank the Skirmisher (level 4, -6/49 HPs)
             Began as an Ogre Berserker on Nov 24, 2021.
             Was a Follower of Trog.
             Mangled by a wyvern zombie (11 damage)
             ... on level 6 of the Dungeon on Nov 25, 2021.
             The game lasted 00:08:22 (1784 turns).

croobank the Skirmisher (Ogre Berserker)            Turns: 1784, Time: 00:08:22

Health: -6/49      AC:  4    Str: 21    XL:     4   Next: 9%
Magic:  4/4        EV: 10    Int:  8    God:    Trog [*.....]
Gold:   103        SH:  0    Dex:  9    Spells: 3/3 levels left

rFire    . . .     SeeInvis .   a - +0 hand axe
rCold    . . .     Faith    .   (no shield)
rNeg     . . .     Spirit   .   b - +0 animal skin
rPois    .         Reflect  .   (helmet restricted)
rElec    .         Harm     .   j - +0 cloak
rCorr    .         Rampage  .   (gloves unavailable)
Will     ++...                  (boots unavailable)
Stlth    +.........             (no amulet)
HPRegen  1.16/turn              (no ring)
MPRegen  0.09/turn              (no ring)

@: strong-willed, attractive, very slightly contaminated, regenerating
A: large, unfitting armour, tough skin 1
a: Renounce Religion, Berserk


You were on level 6 of the Dungeon.
You worshipped Trog.
Trog was aware of your devotion.
You visited 1 branch of the dungeon, and saw 4 of its levels.

You collected 103 gold pieces.

Inventory:

Hand Weapons
 a - a +0 hand axe (weapon)
 c - a +0 trident
 e - a +0 spear
 f - a +0 dagger
Missiles
 g - 59 stones (quivered)
Armour
 b - a +0 animal skin (worn)
 h - a +0 kite shield
 j - a +0 cloak (worn)
Scrolls
 i - a scroll of holy word {unknown}
 l - a scroll of amnesia {unknown}


   Skills:
 + Level 4.7 Fighting
 + Level 3.6 Axes
 + Level 3.2 Dodging
 + Level 0.2 Stealth
 * Level 1.1 Shields


You had 3 spell levels left.
You didn't know any spells.
Your spell library was empty.

Dungeon Overview and Level Annotations

Branches:
Dungeon (3/15)             Temple (0/1) D:6

Altars:


Innate Abilities, Weirdness & Mutations

You are too large for most types of armour.
You have tough skin. (AC +1)


Message History

The bat hits you but does no damage. x2; The bat barely misses you.
The wyvern zombie barely misses you. The bat closely misses you.
Your skin crawls.
You feel strong-willed.
You can no longer call upon Trog for regeneration and willpower.
The bat hits you but does no damage. The bat barely misses you.
The bat completely misses you. The wyvern zombie bites you.
The bat hits you but does no damage.
The vampire bat bites you but does no damage.
The bat hits you but does no damage.
You miss the vampire bat. You miss the bat. You barely miss the bat.
You hit the bat. You barely miss the wyvern zombie. The bat closely misses you.
The vampire bat bites you but does no damage.
The bat barely misses you. x2; The bat hits you.
The wyvern zombie bites you!
* * * LOW HITPOINT WARNING * * *
The bat closely misses you. The wyvern zombie bites you.
* * * LOW HITPOINT WARNING * * *
The bat barely misses you.
The vampire bat bites you but does no damage.
The bat misses you. x2; The bat hits you but does no damage. x3
You flicker back into view.
The vampire bat bites you but does no damage.
The bat hits you but does no damage. The bat closely misses you.
The bat hits you.
* * * LOW HITPOINT WARNING * * *
The vampire bat bites you.
* * * LOW HITPOINT WARNING * * *
The vampire bat draws strength from your injuries!
The bat hits you.
* * * LOW HITPOINT WARNING * * *
The vampire bat bites you.
* * * LOW HITPOINT WARNING * * *
The vampire bat draws strength from your injuries!
The bat barely misses you. The bat closely misses you.
It was a potion of attraction.
You feel attractive to monsters. The bat barely misses you.
The bat hits you but does no damage. x3
The vampire bat bites you but does no damage.
The bat closely misses you. The wyvern zombie bites you!
You die...

#######
###.....####
########...####..##
#..........# ##.##
#.####.....# ##..
##...###.##..# #..
##..b..######..#
### #.†Zbb..# #..#
##bb@b.## #...
##...## ...# ###.#
.## .# .. ..# ..#
..#


You could see a vampire bat, a wyvern zombie and 5 bats.

Vanquished Creatures
  An orc priest (D:3)
  A dart slug (D:2)
  3 orcs (D:3)
  7 bats
  4 endoplasms
  A hobgoblin (D:1)
  4 quokkas
  A ball python (D:1)
  4 frilled lizards
  A kobold (D:1)
  3 rats
30 creatures vanquished.

Notes
Turn   | Place    | Note
-------+----------+-------------------------------------------
     0 | D:1      | croobank the Ogre Berserker began the quest for the Orb.
     0 | D:1      | Reached XP level 1. HP: 24/24 MP: 1/1
   170 | D:1      | Found a faded altar of an unknown god.
   522 | D:1      | Reached XP level 2. HP: 18/33 MP: 2/2
  1266 | D:2      | Reached XP level 3. HP: 39/40 MP: 3/3
  1497 | D:3      | Reached skill level 1 in Shields
  1504 | D:3      | Reached XP level 4. HP: 5/49 MP: 4/4
  1509 | D:3      | HP: 2/49 [orc (2)]
  1747 | D:3      | You fall into a shaft and drop 3 floors!
  1747 | D:6      | Found a staircase to the Ecumenical Temple.
  1779 | D:6      | Reached ** piety under Trog
  1784 | D:6      | Mangled by a wyvern zombie

Illustrated notes

Levels and vault maps discovered:
D:1:      dpeg_arrival_yet_another_circle, layout_loops_ring,
          hellmonk_ecumenical_altar_run_dry, minivault_19
D:2:      layout_rooms
D:3:      layout_loops_ring, zin_academy, serial_shops, nicolae_shop_waterfront,
          uniq_natasha
D:6:      layout_layer_cave, minmay_temple_entry_overgrown,
          lightli_ossuary_entry_decrepit_ruins, roderic_batcave

Skill      XL: |  1  2  3 |
---------------+----------+-----
Dodging        | 3 |  3.2
Shields        | 1 |  1.1
Fighting       | |  4.7
Axes           | |  3.6
Stealth        | |  0.2

Action                   |  1- 3 |  4- 6 || total
-------------------------+-------+-------++-------
Melee: Hand axe          |   109 |     9 ||   118
Invok: Berserk           |     1 |       ||     1
       Trog's Hand       |       |     1 ||     1
  Use: Scroll            |     2 |       ||     2
       Potion            |     1 |     3 ||     4
Armor: Animal skin       |    42 |    26 ||    68
Dodge: Dodged            |    66 |    33 ||    99
